Map: Tokamak LE

Players

LiquidClem (Clem) - Winner!

  • Race: Terran Terran
  • Spawn Location: 1:00

SKillous

  • Race: Protoss Protoss
  • League: Master
  • Spawn Location: 7:00

Event: FEL Cracov 2025

VOD

Have the link to the VOD?

Description

Time

  • Played on: July 27, 2025, 11:06 a.m.
  • Length: 8:50

All games in this series

Show
View Real Time Build Order
Export as new Build Order

LiquidClem Terran - Winner!

Build Orders: Cyclone Opening 

Get SALT Encoding   

  12  0:00  SCV  
  13  0:12  SCV  
  14  0:16  Supply Depot  
  14  0:24  SCV  
  15  0:38  SCV  
  15  0:40  Barracks  
  15  0:42  Refinery  
  16  0:50  SCV  
  17  1:02  SCV  
  18  1:14  SCV  
  19  1:26  Orbital Command  
  19  1:34  Command Center  
  19  1:37  Marine  
  20  1:49  Factory  
  20  1:53  SCV  
  21  2:00  Barracks Tech Lab  
  21  2:03  Supply Depot  
  21  2:06  SCV  
  22  2:15  Refinery  
  22  2:18  SCV  
  23  2:29  Barracks Reactor  
  23  2:30  SCV  
  23  2:33  Barracks  
  24  2:43  Cyclone  
  27  2:44  SCV  
  28  2:55  Orbital Command  
  28  2:56  SCV  
  28  3:02  Starport  
  28  3:05  Marine  
  28  3:06  Marine  
  28  3:10  SCV  
  31  3:20  SCV  
  31  3:22  SCV  
  31  3:24  Marine x2, Factory Tech Lab  
  35  3:32  Stimpack, SCV, Marine  
  37  3:37  SCV  
  37  3:40  Supply Depot  
  38  3:44  Marine x2  
  38  3:46  SCV  
  41  3:49  SCV  
  41  3:51  Siege Tank  
  45  3:55  Supply Depot  
  45  3:56  Marine  
  45  4:01  SCV x2  
  45  4:02  Marine x2  
  50  4:11  Supply Depot  
  50  4:13  SCV  
  50  4:14  SCV  
  52  4:17  Marine  
  52  4:22  Supply Depot, Marine x2  
  55  4:24  Siege Tank  
  55  4:25  SCV  
  55  4:27  SCV  
  55  4:30  Medivac  
  62  4:36  Supply Depot, Marine  
  64  4:38  SCV  
  64  4:40  Marine  
  64  4:41  Marine  
  64  4:42  SCV  
  67  4:47  Supply Depot  
  67  4:54  Marine  
  67  4:55  Refinery  
  67  4:57  Siege Tank  
  67  4:58  Marine  
  67  4:59  Marine, SCV  
  74  5:00  SCV  
  75  5:11  SCV  
  75  5:12  Marine  
  75  5:13  SCV  
  78  5:15  Supply Depot  
  78  5:18  Barracks  
  78  5:19  Refinery  
  78  5:21  Marine x2  
  79  5:24  Medivac  
  82  5:30  Marine, SCV  
  82  5:33  Siege Tank  
  82  5:34  SCV  
  88  5:39  Marine  
  88  5:40  Marine, Supply Depot  
  88  5:42  SCV  
  91  5:44  Combat Shield  
  91  5:46  SCV  
  91  5:47  Marine  
  93  5:51  Engineering Bay  
  93  5:54  SCV  
  90  5:58  SCV  
  90  6:01  Medivac  
  90  6:02  Marine  
  90  6:03  Marine  
  92  6:07  SCV  
  92  6:08  Supply Depot  
  88  6:11  Marine  
  88  6:16  Factory Reactor  
  80  6:20  Marine  
  80  6:21  Command Center  
  81  6:25  Concussive Shells  
  81  6:26  Marauder  
  81  6:30  Marauder  
  81  6:31  Marine  
  84  6:35  Supply Depot  
  84  6:40  Terran Infantry Weapons Level 1, Supply Depot, Marine  
  84  6:43  SCV x2  
  82  6:47  Marine  
  82  6:51  Marine  
  82  6:52  Starport Reactor  
  81  6:55  SCV x2, Marauder  
  81  6:56  Widow Mine x2  
  81  6:59  Marine  
  85  7:06  Marauder  
  87  7:13  Marine  
  87  7:14  Barracks  
  88  7:16  Barracks, Marauder  
  88  7:20  Marine, Widow Mine x2  
  93  7:24  SCV x2  
  93  7:26  Ghost Academy  
  93  7:27  Marauder  
  97  7:31  Medivac x2, Marine  
  101  7:37  SCV  
  101  7:38  Marauder, Marine  
  108  7:44  Widow Mine x2, SCV  
  108  7:49  Marauder, SCV, Marine  
  113  7:56  Marine, SCV  
  114  7:59  Marauder  
  114  8:01  SCV  
  114  8:04  Medivac  
  114  8:05  Barracks Tech Lab, Barracks Reactor  
  112  8:08  Marine  
  112  8:09  Widow Mine  
  112  8:10  Marauder  
  112  8:11  Widow Mine, SCV  
  115  8:12  SCV  
  115  8:14  Orbital Command  
  115  8:15  Marine  
  115  8:19  Refinery x2  
  116  8:20  Ghost  
  116  8:23  SCV  
  121  8:30  Supply Depot  
  121  8:32  Marine  
  121  8:33  Armory, Engineering Bay  
Show
View Real Time Build Order
Export as new Build Order

SKillous Protoss 

Build Orders: 1 Gate Expand, Blink Stalkers 

Get SALT Encoding   

  12  0:00  Probe  
  13  0:12  Probe  
  14  0:17  Pylon  
  14  0:23  Probe  
  15  0:32  Probe  
  15  0:36  Gateway  
  15  0:40  Probe  
  16  0:46  Assimilator  
  17  0:50  Probe  
  18  1:03  Probe  
  19  1:15  Probe  
  20  1:23  Cybernetics Core  
  20  1:31  Nexus  
  20  1:34  Probe  
  21  1:40  Pylon  
  21  1:46  Assimilator  
  21  1:49  Probe, Adept  
  22  2:01  Probe, Warp Gate  
  24  2:09  Adept  
  24  2:13  Probe  
  27  2:25  Probe  
  27  2:27  Twilight Council  
  28  2:35  Blink  
  28  2:36  Stalker  
  28  2:37  Probe  
  31  2:44  Probe  
  31  2:49  Probe  
  33  2:56  Probe  
  34  3:00  Gateway  
  34  3:03  Probe  
  35  3:10  Probe  
  36  3:15  Probe  
  37  3:22  Probe  
  37  3:24  Robotics Facility  
  38  3:27  Probe  
  38  3:31  Gateway  
  39  3:34  Probe  
  39  3:36  Pylon  
  39  3:39  Probe  
  41  3:46  Probe  
  42  3:51  Probe  
  42  3:54  Stalker x2  
  47  3:58  Assimilator  
  47  3:59  Probe  
  47  4:02  Assimilator  
  48  4:03  Probe  
  49  4:11  Probe  
  49  4:13  Warp Prism  
  49  4:15  Probe  
  53  4:23  Probe  
  54  4:26  Templar Archives  
  54  4:27  Pylon  
  54  4:28  Pylon  
  54  4:35  Charge  
  54  4:45  Probe x2  
  56  4:50  Stalker x2  
  56  4:51  Stalker  
  62  4:57  Probe x2  
  62  4:59  Pylon  
  64  5:10  Psionic Storm  
  65  5:15  Sentry, Stalker x2  
  65  5:16  Shield Battery  
  65  5:17  Pylon  
  66  5:38  Zealot x3  
  66  5:41  Gateway x2  
  72  5:44  Gateway  
  72  5:59  Zealot x2  
  72  6:00  Zealot  
  72  6:12  Immortal  
  54  6:21  Zealot x3  
  52  6:36  High Templar, Zealot  
  56  6:42  Pylon  
  56  6:44  Pylon  
  56  6:46  Zealot x3  
  62  6:47  Probe x2  
  62  6:50  Warp Prism  
  58  6:59  Zealot  
  58  7:01  Nexus  
  57  7:07  Zealot x2  
  61  7:10  Zealot  
  62  7:18  High Templar  
  64  7:22  High Templar  
  64  7:26  Pylon  
  66  7:32  Zealot x3  
  68  7:50  Gateway  
  68  7:53  Gateway  
  68  7:55  Zealot x5  
  66  8:06  Archon  
  62  8:20  Zealot x5  
  70  8:40  Zealot x5  
Tags
 
Add a new tag
Caveats
  • Supply blocks, unpowered buildings, or Contaminate may cause inaccurate times.
  • Supply counts are checked every 10 seconds.